AoeStats
← dean03110206

MegaRandom

504388494Analyzed
4v4 RM · 26d ago on Sep 5, 2026· 51m 14s· 8 players
Game mode
Random Map
Map size
Large (8 player)
Population
200
Speed
Normal
Resources
Standard
Victory
Conquest
Starting age
Dark Age
Ending age
Imperial Age
RankedLock teamsTeams togetherTeam positionsShared explorationLock speedFull tech treeHidden civsTurbo modeCheats
Victory
Defeat
🇺🇸 Japanese · United States
1062
+14
🇺🇸 Georgians · United States
1013
+16
🇺🇸 Slavs · United States
1002
+17
🇺🇸 Hindustanis · United States
940
+20
🇭🇰 Khmer · Hong Kong SAR China
1029
-17
🇨🇳 Turks · China
1025
-17
🇹🇼 Celts · Taiwan
1015
-17
🇨🇳 Huns · China
1008
-16
TheBarb
13:21 Feudal Age
11:38 Loom
17:20 Castle Age
16:43 Bloodlines
16:47 Horse Collar
34:53 Elite Skirmisher
35:48 Fletching
35:58 Padded Archer Armor
42:17 Imperial Age
40:25 Wheelbarrow
39:37 Town Watch
40:41 Svan Towers
40:49 Forging
40:45 Scale Barding Armor
40:35 Bodkin Arrow
43:37 Hand Cart
43:43 Elite Monaspa
49:16 Chain Barding Armor
49:32 Iron Casting
Jakovasaurus
0:30 Loom
13:23 Feudal Age
14:10 Double-Bit Axe
18:05 Fishing Lines
18:45 Horse Collar
20:19 Town Watch
24:35 Castle Age
25:42 Medium Warships
25:27 Gillnets
25:42 Heavy Plow
27:29 Wheelbarrow
27:05 Fletching
28:10 Bow Saw
30:28 Hand Cart
31:16 Pikeman
31:53 Bodkin Arrow
32:01 Scale Mail Armor
32:07 Scale Barding Armor
32:13 Forging
33:50 Town Patrol
35:20 Padded Archer Armor
34:56 Elite Skirmisher
40:18 Grand Trunk Road
41:24 Iron Casting
41:10 Chain Barding Armor
43:35 Imperial Age
45:13 Leather Archer Armor
46:18 Hoardings
46:40 Ballistics
46:16 Murder Holes
Selethen
3:07 Loom
6:50 Loom
12:14 Feudal Age
13:07 Fishing Lines
17:33 Double-Bit Axe
23:56 Castle Age
27:42 Gillnets
28:44 Gold Mining
28:45 Stone Mining
28:54 Stone Mining
29:36 Bow Saw
29:10 Horse Collar
31:52 Treadmill Crane
36:04 Imperial Age
34:42 Elite Skirmisher
35:28 Thumb Ring
36:04 Coinage
35:54 Scale Mail Armor
36:05 Forging
35:46 Fletching
36:00 Squires
35:46 Arson
37:30 Gold Shaft Mining
37:57 Two-Man Saw
38:08 Wheelbarrow
37:54 Heavy Plow
37:29 Capped Ram
38:40 Elite Samurai
41:02 Hand Cart
41:20 Chain Mail Armor
41:40 Conscription
41:33 Pikeman
42:46 Plate Mail Armor
42:52 Iron Casting
42:13 Bodkin Arrow
45:52 Murder Holes
48:33 Blast Furnace
47:33 Bracer
47:31 Halberdier
DR 'TISM
12:47 Feudal Age
14:11 Double-Bit Axe
16:43 Castle Age
14:50 Horse Collar
17:48 Bow Saw
19:47 Heavy Plow
21:25 Gold Mining
21:25 Stone Mining
22:01 Loom
23:29 Wheelbarrow
26:31 Hand Cart
27:29 Fletching
28:22 Town Watch
31:25 Imperial Age
29:42 Detinets
30:30 Scale Mail Armor
30:36 Scale Barding Armor
30:44 Forging
31:14 Bloodlines
31:05 Husbandry
31:04 Bodkin Arrow
31:48 Chain Barding Armor
32:35 Coinage
32:51 Conscription
31:56 Cavalier
33:19 Elite Boyar
35:19 Crop Rotation
35:50 Plate Barding Armor
36:15 Banking
37:32 Iron Casting
40:13 Two-Man Saw
39:56 Caravan
41:42 Chemistry
40:53 Careening
40:43 Murder Holes
41:00 Masonry
41:03 Capped Ram
43:13 Blast Furnace
42:49 Pikeman
43:30 Squires
43:32 Scale Mail Armor
44:50 Town Patrol
45:15 Ballistics
45:01 Siege Engineers
44:22 Siege Ram
48:17 Hoardings
48:01 Chain Mail Armor
48:24 Man-at-Arms
48:24 Halberdier
dean03110206
0:28 Loom
12:05 Feudal Age
16:44 Castle Age
16:57 Wheelbarrow
22:06 Pikeman
29:07 Elite Skirmisher
34:39 Imperial Age
36:30 Double-Bit Axe
36:12 Heavy Scorpion
39:17 Chemistry
38:58 Halberdier
40:24 Hand Cart
46:47 Furor Celtica
牛春花板面
2:36 Loom
15:25 Feudal Age
23:06 Castle Age
25:18 Fletching
25:29 Padded Archer Armor
28:32 Coinage
不知者
11:01 Feudal Age
16:09 Castle Age
14:24 Double-Bit Axe
14:30 Loom
15:13 Horse Collar
17:02 Bloodlines
16:49 Light Cavalry
22:14 Gold Mining
23:36 Wheelbarrow
25:44 Hand Cart
25:48 Scale Barding Armor
25:45 Husbandry
26:05 Heavy Plow
26:45 Bow Saw
27:19 Stone Mining
32:25 Imperial Age
30:18 Town Watch
32:48 Chain Barding Armor
33:53 Hussar
36:57 Plate Barding Armor
39:39 Conscription
42:09 Double Crossbow
41:51 Heavy Scorpion
43:30 Town Patrol
若叶睦
11:42 Feudal Age
14:04 Horse Collar
20:39 Castle Age
18:58 Bloodlines
20:55 Demolition Ship
22:03 Gold Mining
22:04 Stone Mining
22:03 Double-Bit Axe
23:08 Wheelbarrow
24:17 Gold Shaft Mining
23:58 Bow Saw
25:50 Gold Shaft Mining
31:17 Imperial Age
32:40 Padded Archer Armor
33:04 Conscription
34:47 Leather Archer Armor
35:55 Heavy Plow
38:11 Hand Cart
41:04 Scale Barding Armor
41:09 Forging
41:03 Husbandry
43:43 Chain Barding Armor
43:55 Ring Archer Armor
Connection lost

Rejoining the realm…

Still unreachable

The connection could not be restored.

Session expired

The server has moved on; the page needs a fresh start.